 Seeded DCSS version 0.30.1-11-g7821555f0a (webtiles) character file.

Game seed: 430007637681659361 (custom seed)

4 strifetoe the Insei (level 1, -1/17 HPs)
             Began as a Djinni Transmuter on Nov 9, 2023.
             Slain by a hobgoblin (2 damage)
             ... on level 1 of the Dungeon.
             The game lasted 00:00:23 (133 turns).

strifetoe the Insei (Djinni Transmuter)              Turns: 133, Time: 00:00:23

Health: -1/17      AC:  2    Str:  9    XL:     1   Next: 77%
Gold:   0          EV: 12    Int: 14    God:
                   SH:  0    Dex: 13

rFire   + +          .
                       - Unarmed
rCold   x . .        (no shield)
rNeg    . . .        a - +0 robe
rPois   ∞            (no helmet)
rElec   .            (no cloak)
rCorr   .            (no gloves)
SInv    .            (boots unavailable)
Will    .....        (no amulet)
Stlth   +            (no ring)
HPRegen 0.22/turn    (no ring)
MPRegen 0.00/turn

%: infuse magic (-2 HP)
@: flying
A: sickness immunity, fire resistance 2, cold vulnerability 1, float, innate
caster, HP casting, extra vitality 1
a: no special abilities


You were on level 1 of the Dungeon.
You visited 1 branch of the dungeon, and saw 1 of its levels.

Inventory:

Armour
 a - a +0 robe (worn)
Potions
 b - a potion of lignification


   Skills:
 - Level 1.0 Fighting
 - Level 2.1 Dodging
 - Level 3.3 Unarmed Combat
 + Level 1.5 Spellcasting


You knew the following spells:

 Your Spells              Type           Power      Damage    Failure   Level
a - Beastly Appendage     Tmut           10%        N/A       13%         1
b - Wereblood             Tmut           5%         N/A       21%         2
c - Spider Form           Tmut/Pois      5%         N/A       36%         3
d - Ice Form              Ice/Tmut       5%         N/A       78%         4
Your spell library was empty.

Dungeon Overview and Level Annotations

Branches:
Dungeon (1/15)

Altars:


Innate Abilities, Weirdness & Mutations

You are immune to sickness and miasma.
You are immune to poison.
Your flesh is very heat resistant. (rF++)
You are vulnerable to cold. (rC-)
You float through the air rather than walking.
You learn spells naturally, not from books.
Your magical power is your life essence.
You have superior vitality. (+4 MHP)


Message History

The giant cockroach closely misses you. The quokka misses you.
You closely miss the quokka.
The quokka is moderately wounded.
The giant cockroach bites you. The quokka bites you.
You hit the quokka.
The quokka is severely wounded.
The giant cockroach barely misses you. The quokka bites you.
The giant cockroach bites you.
You hit the quokka but do no damage.
The quokka is severely wounded.
The hobgoblin closely misses you. The quokka barely misses you.
The giant cockroach bites you but does no damage.
You miss the quokka.
The quokka is severely wounded.
The quokka closely misses you. The hobgoblin barely misses you.
The giant cockroach closely misses you.
You hit the quokka.
The quokka is almost dead.
The quokka bites you.
* * * LOW HITPOINT WARNING * * *
The hobgoblin closely misses you.
The giant cockroach bites you but does no damage.
You are too injured to fight recklessly!
Unknown command.
The hobgoblin attacks as you move away! The hobgoblin barely misses you.
The quokka attacks as you move away! The quokka closely misses you.
The quokka barely misses you.
The giant cockroach bites you but does no damage.
The giant cockroach attacks as you move away!
The giant cockroach bites you but does no damage.
The quokka attacks as you move away! The quokka closely misses you.
The hobgoblin attacks as you move away!
The hobgoblin hits you but does no damage.
The quokka barely misses you. The hobgoblin attacks as you move away!
The hobgoblin barely misses you. The quokka attacks as you move away!
The quokka completely misses you. The quokka attacks as you move away!
The quokka bites you.
* * * LOW HITPOINT WARNING * * *
The hobgoblin attacks as you move away! The hobgoblin hits you.
You die...

#............# #.##
#....!.......# ..#
#######......# #.#
#......# ###.. #......#
##.... #......# #..##.
##..B### ##.###.
##.gr## #..# #.
#..@..########.#####
####.~......~.~..~.~...
+.....≈≈≈≈≈~≈≈≈≈≈.≈≈≈≈≈
###..~≈♣♣♣≈~≈♣♣♣≈~≈♣♣♣≈
#..~≈♣ ♣≈~≈♣ ♣≈~≈♣ ♣≈
#..~≈♣♣♣≈.≈♣♣♣≈.≈♣ ♣≈
#...≈≈≈≈≈~≈≈≈≈≈~≈≈≈≈≈
#..~.).~~~~.......~~.
#..~≈≈≈≈≈~≈≈≈≈≈~≈≈≈≈≈


You could see a quokka, a giant cockroach and a hobgoblin.

Vanquished Creatures
  A goblin (D:1)
  A quokka (D:1)
  A ball python (D:1)
  2 bats (D:1)
5 creatures vanquished.

Notes
Turn   | Place    | Note
-------+----------+-------------------------------------------
     0 | D:1      | strifetoe the Djinni Transmuter began the quest for the
                  | Orb.
     0 | D:1      | strifetoe set off with the following spells memorised:
                  | Beastly Appendage, Wereblood, Spider Form, Ice Form.
     0 | D:1      | Reached XP level 1. HP: 17/17 MP: 0/0
   133 | D:1      | Slain by a hobgoblin

Illustrated notes

Levels and vault maps discovered:
D:1:      wander_arrival_chamber, layout_basic, kennysheep_boxes

Action                     || total
---------------------------++-------
  Melee: Unarmed           ||    38
         Punch             ||     2
 Armour: Robe              ||    17
  Dodge: Dodged            ||    44
